AoeStats
← hi_joel

Arabia

510036418Analyzed
1v1 RM · 2d ago on Sep 29, 2026· 57m 25s· 2 players
Game mode
Random Map
Map size
Tiny (2 player)
Population
200
Speed
Normal
Resources
Standard
Victory
Conquest
Starting age
Dark Age
Ending age
Imperial Age
RankedLock teamsTeams togetherTeam positionsShared explorationLock speedFull tech treeHidden civsTurbo modeCheats
Victory
Defeat
🇬🇹 Vikings · Guatemala
1123
+16
🇲🇽 Bengalis · Mexico
1114
-16
agusgm
7:37 Loom
11:04 Feudal Age
11:35 Double-Bit Axe
11:42 Gold Mining
11:34 Man-at-Arms
12:33 Horse Collar
18:37 Fletching
21:16 Castle Age
19:26 Padded Archer Armor
20:21 Stone Mining
22:41 Crossbowman
24:17 Forging
24:36 Bow Saw
24:40 Forging
24:53 Bodkin Arrow
25:39 Wheelbarrow
24:52 Town Watch
25:57 Heavy Plow
27:17 Leather Archer Armor
29:24 Ballistics
34:55 Paiks
35:28 Scale Barding Armor
39:35 Imperial Age
37:22 Hand Cart
37:36 Chain Barding Armor
39:07 Town Patrol
41:04 Bracer
42:19 Chemistry
41:13 Elite Battle Elephant
42:04 Bloodlines
41:55 Husbandry
43:08 Ring Archer Armor
43:37 Forging
45:00 Plate Barding Armor
44:25 Arbalester
47:15 Iron Casting
48:16 Plate Barding Armor
50:38 Blast Furnace
53:40 Crop Rotation
53:18 Elite Skirmisher
56:50 Murder Holes
hi_joel
7:25 Loom
10:35 Feudal Age
13:25 Town Watch
16:35 Fletching
24:25 Castle Age
22:20 Horse Collar
22:31 Double-Bit Axe
23:03 Padded Archer Armor
23:10 Gold Mining
24:33 Crossbowman
25:12 Bodkin Arrow
27:31 Gold Shaft Mining
27:09 Squires
28:06 Heavy Plow
28:29 Scale Mail Armor
28:40 Forging
29:35 Leather Archer Armor
30:15 Elite Skirmisher
32:19 Bow Saw
33:03 Chain Mail Armor
33:23 Iron Casting
38:35 Imperial Age
37:15 Ballistics
36:52 Murder Holes
37:08 Masonry
38:44 Capped Ram
39:50 Conscription
39:57 Conscription
39:41 Bracer
40:43 Blast Furnace
40:14 Ring Archer Armor
40:33 Chieftains
40:41 Chieftains
42:28 Chemistry
41:34 Siege Engineers
42:53 Plate Mail Armor
44:56 Architecture
45:07 Elite Varangian Guard
46:43 Bogsveigar
46:52 Bogsveigar
46:17 Arbalester
48:12 Pikeman
52:52 Siege Ram
55:15 Two-Man Saw
Connection lost

Rejoining the realm…

Still unreachable

The connection could not be restored.

Session expired

The server has moved on; the page needs a fresh start.